 Dungeon Crawl Stone Soup version 0.29.1-15-g9cfb28693d (webtiles) character file.

Game seed: 873405877661863751

2031 kingofthe the Magician (level 9, -1/45 HPs)
             Began as a Deep Elf Conjurer on Mar 5, 2023.
             Shot with a sling bullet by Joseph (18 damage)
             ... on level 7 of the Dungeon.
             The game lasted 00:18:34 (7125 turns).

kingofthe the Magician (Deep Elf Conjurer)          Turns: 7125, Time: 00:18:34

Health: -1/45      AC:  4    Str:  4    XL:     9   Next: 3%
Magic:  26/31      EV: 15    Int: 28    God:
Gold:   265        SH:  0    Dex: 13    Spells: 12/23 levels left

rFire   . . .      SeeInvis .   r - +3 dagger (elec)
rCold   . . .      Faith    .   (no shield)
rNeg    . . .      Spirit   .   a - +0 robe
rPois   .          Reflect  .   z - +1 helmet
rElec   .          Harm     .   (no cloak)
rCorr   .          Rampage  .   (no gloves)
Will    .....                   (no boots)
Stlth   +++.......              (no amulet)
HPRegen 0.15/turn               M - ring of magical power
MPRegen 0.22/turn               (no ring)

@: no status effects
A: no striking features
a: no special abilities


You were on level 7 of the Dungeon.
You visited 1 branch of the dungeon, and saw 7 of its levels.

You collected 265 gold pieces.


   Skills:
 * Level 7.1 Dodging
 + Level 5.7 Stealth
 * Level 7.9 Spellcasting
 * Level 7.6 Conjurations
 * Level 6.8 Hexes


You had 12 spell levels left.
You knew the following spells:

 Your Spells              Type           Power      Damage    Failure   Level
a - Magic Dart            Conj           100%       1d8       1%          1
b - Searing Ray           Conj           100%       2d8       1%          2
c - Slow                  Hex            100%       N/A       1%          1
d - Fulminant Prism       Conj/Hex       25%        3d14      2%          4
e - Tukima's Dance        Hex            49%        N/A       1%          3

Your spell library contained the following spells:

 Spells                   Type           Power      Damage    Failure   Level
 Confusing Touch          Hex            49%        N/A       1%          3
 Dazzling Flash           Conj/Hex       100%       N/A       1%          3
 Apportation              Tloc           22%        N/A       4%          1
 Iskenderun's Mystic Bla  Conj/Tloc      32%        2d8       11%         4
 Vampiric Draining        Necr           11%        2d6       16%         3
 Yara's Violent Unravell  Hex/Tmut       15%        3d8       34%         5
 Passage of Golubria      Tloc           11%        N/A       45%         4
 Alistair's Intoxication  Tmut/Pois      7%         N/A       80%         5

Inventory:

Hand Weapons
 r - a +3 dagger of electrocution (weapon)
Missiles
 i - 2 throwing nets {=f}
Armour
 a - a +0 robe (worn)
 z - a +1 helmet (worn)
Magical Staves
 n - a staff of earth {!a}
Jewellery
 M - a ring of magical power (left hand)
Wands
 v - a wand of paralysis (24)
 x - a wand of flame (9)
 B - a wand of polymorph (3)
Scrolls
 c - 2 scrolls of blinking {unknown}
 d - 3 scrolls of teleportation {unknown}
 g - 2 scrolls of magic mapping {unknown}
 h - 2 scrolls of enchant weapon
 j - a scroll of identify {@r1}
 l - 2 scrolls of fear
 p - 3 scrolls of enchant armour {unknown}
 u - a scroll of amnesia {unknown}
 y - a scroll of noise {unknown}
 C - a scroll of butterflies {unknown}
Potions
 b - a potion of magic
 e - a potion of heal wounds {unknown}
 f - a potion of brilliance {unknown}
 k - a potion of cancellation {unknown}
 m - 2 potions of curing {@q1}
 o - 2 potions of might {unknown}
 q - a potion of haste {@q3}
 s - a potion of flight {unknown}
 t - a potion of invisibility {unknown}
 w - a potion of experience {unknown}
 A - a potion of mutation {unknown}

Dungeon Overview and Level Annotations

Branches:
Dungeon (7/15)
 Temple: D:4-7

Altars:
Fedhas
Hepliaklqana

Annotations:
D:5 2 transporters, hawla's ghost, amateur MeIE
D:7 Joseph

##.# .....#).. ...#
....#.. ...# ...#S## ##.#
..... ##+#######. #...
........##.. #..#
........##..# ##..#
........##..## #...#
.....<.......###@.#####.
..[..†..##..........@....
....................#####
##.####.###.........#
#....#.# #.........#
#......# #.........#
#.##.#.###.........#
#.............######
###############


You could see Joseph and a water moccasin.


Message History

Confirm with . or Enter, or press ? or * to list all spells.
Aiming: Slow (safe; 1% risk of failure)
Press: ? - help, Shift-Dir - straight line, f - Joseph
Aim: Joseph, wielding a +2 spectral quarterstaff and wearing a +0 leather armour (asleep, chance to affect: 47%) Joseph shouts!
Joseph resists with some effort.
Joseph unwields a +2 spectral quarterstaff.
Joseph wields a +3 sling of flaming.
It bursts into flame!
Joseph shoots a sling bullet.
The sling bullet closely misses you.
Casting: Slow (safe; 1% risk of failure)
Confirm with . or Enter, or press ? or * to list all spells.
Aiming: Slow (safe; 1% risk of failure)
Press: ? - help, Shift-Dir - straight line, f/p - Joseph
Aim: Joseph, wielding a +3 sling of flaming and wearing a +0 leather armour (chance to affect: 47%) Joseph resists with some effort.
Joseph shoots a sling bullet.
The sling bullet hits you!! The sling bullet burns you.
* * * LOW HITPOINT WARNING * * *
Casting: Slow (safe; 1% risk of failure)
Confirm with . or Enter, or press ? or * to list all spells.
Aiming: Fulminant Prism (dangerous; 2% risk of failure)
Press: ? - help, Dir - move target, p - Joseph You conjure a prism of explosive energy!
A fulminant prism comes into view.
Found a runed spear.
You hear a loud crackle.
A water moccasin comes into view.
You hear an explosion!
The water moccasin hisses angrily.
You hear an angry hiss.
Joseph shoots a sling bullet.
The sling bullet hits you!!
You die...

Skill      XL: |  1  2  3  4  5  6  7  8 |
---------------+-------------------------+-----
Dodging        | 3 4 5 7 |  7.1
Hexes          | 1 2 3 5 6 |  6.8
Stealth        | 3 4 5 |  5.7
Spellcasting   | 4 5 6 7 |  7.9
Conjurations   | 5 6 7 |  7.6

Action                   |  1- 3 |  4- 6 |  7- 9 || total
-------------------------+-------+-------+-------++-------
 Cast: Magic Dart        |    47 |    83 |    20 ||   150
       Searing Ray       |     6 |    22 |    23 ||    51
       Slow              |       |     7 |    31 ||    38
       Tukima's Dance    |       |       |     2 ||     2
       Fulminant Prism   |       |       |     8 ||     8
  Use: Scroll            |       |       |     4 ||     4
Armor: Robe              |     4 |     1 |     3 ||     8
Dodge: Dodged            |    10 |     3 |    13 ||    26

Levels and vault maps discovered:
D:1:      reono_arrival_forest_river, layout_basic
D:2:      layout_rooms, basic_ecumenical_altar
D:3:      layout_loops_cross, fedhas_ov_isle_minmay
D:4:      layout_layer_cave
D:5:      layout_basic, gammafunk_ghost_mausoleum, uniq_eustachio
D:6:      layout_basic, kennysheep_little_box
D:7:      layout_basic, minmay_temple_entry_gardened_gates, uniq_joseph

Notes
Turn   | Place    | Note
-------+----------+-------------------------------------------
     0 | D:1      | kingofthe the Deep Elf Conjurer began the quest for the
                  | Orb.
     0 | D:1      | Reached XP level 1. HP: 10/10 MP: 6/6
   254 | D:1      | Reached XP level 2. HP: 15/15 MP: 5/8
   257 | D:1      | Learned a level 2 spell: Searing Ray
   259 | D:1      | Learned a level 1 spell: Slow
   969 | D:2      | Reached skill level 3 in Dodging
   969 | D:2      | Reached XP level 3. HP: 19/19 MP: 5/10
   986 | D:2      | Reached skill level 1 in Hexes
  1288 | D:2      | Reached skill level 3 in Stealth
  1288 | D:2      | Reached skill level 4 in Spellcasting
  1288 | D:2      | Reached XP level 4. HP: 24/24 MP: 8/12
  1382 | D:2      | Found a faded altar of an unknown god.
  1543 | D:2      | Reached skill level 5 in Conjurations
  2198 | D:3      | Learned a level 4 spell: Fulminant Prism
  2233 | D:3      | Found a blossoming altar of Fedhas.
  2248 | D:3      | Reached skill level 2 in Hexes
  2248 | D:3      | Reached XP level 5. HP: 28/28 MP: 13/13
  2503 | D:3      | Reached skill level 4 in Dodging
  3045 | D:4      | Reached XP level 6. HP: 18/32 MP: 11/15
  3510 | D:4      | Reached skill level 3 in Hexes
  3588 | D:4      | Reached skill level 5 in Spellcasting
  3836 | D:4      | Reached skill level 4 in Stealth
  4427 | D:5      | Entered Level 5 of the Dungeon
  4427 | D:5      | Noticed an ice beast
  4435 | D:5      | Killed an ice beast
  4436 | D:5      | Reached skill level 6 in Conjurations
  4436 | D:5      | Reached XP level 7. HP: 36/36 MP: 16/17
  4505 | D:5      | Reached skill level 5 in Dodging
  4505 | D:5      | Reached skill level 4 in Hexes
  4606 | D:5      | Reached skill level 6 in Spellcasting
  4621 | D:5      | Noticed Eustachio
  4894 | D:5      | Reached skill level 5 in Hexes
  5147 | D:5      | Found a transporter.
  5147 | D:5      | Noticed hawla's ghost (amateur MeIE)
  5149 | D:5      | Found a transporter.
  5191 | D:5      | Learned a level 3 spell: Tukima's Dance
  5213 | D:5      | Killed Eustachio
  5214 | D:5      | Reached XP level 8. HP: 41/41 MP: 17/19
  5386 | D:6      | Reached skill level 6 in Dodging
  5386 | D:6      | Reached skill level 5 in Stealth
  5487 | D:6      | Found a hazy altar of Hepliaklqana.
  5494 | D:6      | Reached skill level 7 in Conjurations
  5521 | D:6      | Reached skill level 7 in Spellcasting
  5642 | D:6      | Reached skill level 6 in Hexes
  6456 | D:6      | Reached skill level 7 in Dodging
  6587 | D:6      | Found a hazy altar of Hepliaklqana.
  7031 | D:7      | Reached XP level 9. HP: 41/45 MP: 22/22
  7118 | D:7      | Noticed Joseph
  7125 | D:7      | Shot with a sling bullet by Joseph

Vanquished Creatures
  2 ice beasts (D:5)
  A black bear (D:5)
  2 ogres (D:6)
  A centaur (D:6)
  2 phantoms
  3 necrophages
  2 bullfrogs
  A scorpion (D:5)
  4 wights (D:6)
  4 jellies
  4 hounds
  3 orc priests
  2 iguanas (D:6)
  2 orc wizards
  4 gnolls (D:2)
  4 adders
  A shadow imp (D:6)
  2 ufetubi
  2 worms (D:3)
  A dart slug (D:3)
  12 orcs
  5 ball pythons
  7 bats
  7 endoplasms
  3 giant cockroaches
  8 goblins
  10 hobgoblins
  3 jackals (D:4)
  4 quokkas
  3 frilled lizards
  6 kobolds
  2 rats
117 creatures vanquished.

Vanquished Creatures (collateral kills)
  Eustachio (D:5)
1 creature vanquished.

Vanquished Creatures (others)
  8 fulminant prisms
8 creatures vanquished.

Grand Total: 126 creatures vanquished

Table legend: (Time is in decaauts)
 A = Elapsed time spent in this place.
 B = Non-inter-level travel time spent in this place.
 C = Inter-level travel time spent in this place.
 D = Time resting spent in this place.
 E = Time spent auto-exploring this place.
 F = Levels seen in this place.
 G = Mean time per level.
                   A        B        C        D        E       F      G
               +--------+--------+--------+--------+--------+-----+--------+
         Total |   7133 |   6838 |    295 |    641 |   5458 |   7 | 1019.0 |
       Dungeon |   7133 |   6838 |    295 |    641 |   5458 |   7 | 1019.0 |
               +--------+--------+--------+--------+--------+-----+--------+

Top non-repeatable levels by time:
     D:6: 1664 daAuts
     D:4: 1655 daAuts
     D:1: 1131 daAuts
     D:3: 1086 daAuts
     D:5: 756 daAuts
     D:2: 736 daAuts
     D:7: 101 daAuts

Table legend:
 A = Non-vault XP
 B = Vault XP
 C = Vault XP percentage of total XP
 D = Non-vault monster count
 E = Vault monster count
 F = Vault count percentage of total count
                 A         B        C        D         E       F
            +---------+---------+-------+---------+---------+-------
      Total |    2700 |     202 |   7.0 |     117 |       1 |   0.8
            +---------+---------+-------+---------+---------+-------
        D:1 |      26 |       0 |   0.0 |      15 |       0 |   0.0
        D:2 |      95 |       0 |   0.0 |      19 |       0 |   0.0
        D:3 |     194 |       0 |   0.0 |      31 |       0 |   0.0
        D:4 |     359 |       0 |   0.0 |      21 |       0 |   0.0
        D:5 |     734 |     202 |  21.6 |      10 |       1 |   9.1
        D:6 |    1110 |       0 |   0.0 |      19 |       0 |   0.0
        D:7 |     182 |       0 |   0.0 |       2 |       0 |   0.0
            +---------+---------+-------+---------+---------+-------
